[Event "*** Titled Tuesday 3|2 Blitz (Late)"]
[Site "Chess.com"]
[Date "2016.11.01"]
[Round "1"]
[White "Divertissement"]
[Black "swayamsm"]
[Result "1/2-1/2"]
[WhiteElo "2338"]
[BlackElo "2657"]
[TimeControl "180+2"]
[EndTime "17:13:12 PDT"]
[Termination "Game drawn by repetition"]

1. Nf3 Nf6 2. c4 e6 3. Nc3 d5 4.
d4 Bb4 5. Bg5 h6 6. Bxf6 Qxf6 7.
e3 O-O 8. Qb3 c5 9. dxc5 Nc6 10.
Be2 dxc4 11. Qxc4 Qe7 12. O-O Bxc5 13. Rac1 Bd6 14. Rfd1 Rd8 15. a3 Bd7 16. Ne4 Bc7 17.
Qc5 Bb6 18. Qxe7 Nxe7 19. Nc5 Bc6 20. Nd4 Bd5 21. b4 e5 22. Nb5 Bc6 23. Nd6 Rab8 24.
Bc4 Rf8 25. Bb5 Rfd8 26. Bc4 Rf8 27. Bb5 Bxc5 28. Rxc5 Rfd8 29. Bxc6 Nxc6 30. Rcc1 Rd7 31. Ne4 Rbd8 32. Rxd7 Rxd7 33. Nc5 Re7 34. Kf1 Nd8 35. Rd1 Ne6 36. Nxe6 Rxe6 37. Rd7 Ra6 38. Rxb7 Rxa3 39. Ke2 g5 40. g4 Kg7 41. Kf3 Ra2 42. b5 Kg6 43. b6 axb6 44. Rxb6+ f6 45. Rb8 e4+ 46. Kg3 Ra1 47. Kg2 Ra4 48. Re8 h5 49. h3 h4 50. Re7 Rb4 51. Re8 Kf7 52. Ra8 Rb7 53. Ra4 Re7 54. Ra6 Re5 55. Ra7+ Kg6 56.
Ra8 Re6 57. Rg8+ Kf7 58. Ra8 Kg7 59. Ra7+ Kg6 60. Ra8 f5 61. gxf5+ Kxf5 62. Rf8+ Rf6 63. Ra8 Rb6 64. Ra5+ Kf6 65. Rd5 Re6 66. Rc5 Re5 67. Rc6+ Kf5 68. Rc8 Re6 69. Rf8+ Rf6 70. Re8 Rg6 71.
Rf8+ Ke5 72. Re8+ Re6 73. Rg8 Kf5 74. Rf8+ Rf6 75. Re8 Rf7 76. Ra8 Re7 77. Rf8+ Kg6 78. Rg8+ Kf6 79. Rf8+ Kg7 80. Rf5 Kg6 81. Rf8 Rg7 82. Re8 Kf5 83. Rf8+ Ke6 84. Re8+ Re7 85. Rg8 Kf6 86. Rf8+ Rf7 87. Re8 Kf5 88. Rg8 Rf6 89. Rg7 Rg6 90. Rf7+ Ke6 91. Rf8 g4 92. Rf4 gxh3+ 93. Kxh3 Ke5 94. Kxh4 Rg2 95. Kh3 Rg6 96. Kh2 Rg7 97. Rh4 Kd5 98. Rh3 Kc4 99. Rg3 Rf7 100.
Kg2 Kd3 101. Rg4 Rf6 102. Kg3 Rf3+ 103. Kg2 Rf8 104. Kg3 Rf7 105. Rf4 Rg7+ 106. Rg4 Rf7 107. Rf4 Rg7+ 108. Rg4 Ra7 109. Rf4 Rg7+ 1/2-1/2

[Event "*** Titled Tuesday 3|2 Blitz (Late)"]
[Site "Chess.com"]
[Date "2016.11.01"]
[Round "2"]
[White "fastestmindalive"]
[Black "Gau_truc_lon"]
[Result "1-0"]
[WhiteElo "2531"]
[BlackElo "2239"]
[TimeControl "180+2"]
[EndTime "17:17:22 PDT"]
[Termination "fastestmindalive won by resignation"]

1. e4 e5 2. Nf3 Nc6 3. d4 exd4 4. Bc4 Nf6 5. e5 d5 6. Bb5 Ne4 7. Nxd4 Bc5 8. Be3 O-O 9. Bxc6 bxc6 10. Nd2 Bxd4 11.
Bxd4 c5 12. Nxe4 cxd4 13. Nc5 f6 14. e6 Bxe6 15. Qxd4 Bf7 16. O-O-O c6 17. Rd3 Re8 18. Rg3 Kh8 19. a3 Re2 20. Qg4 1-0

[Event "*** Titled Tuesday 3|2 Blitz (Late)"]
[Site "Chess.com"]
[Date "2016.11.01"]
[Round "2"]
[White "spirals5"]
[Black "ZapataCharlesS"]
[Result "1-0"]
[WhiteElo "2270"]
[BlackElo "2598"]
[TimeControl "180+2"]
[EndTime "17:17:49 PDT"]
[Termination "spirals5 won by resignation"]

1. e4 c5 2. Nc3 Nc6 3. g3 g6 4. Bg2 Bg7 5. d3 d6 6. f4 h5 7. Nf3 h4 8. Nxh4 Rxh4 9. gxh4 Nf6 10. O-O Bg4 11. Qe1 Nd4 12. Qf2 Qd7 13. Be3 O-O-O 14. Bxd4 Nxe4 15. Bxg7 Nxf2 16. Rxf2 Rg8 17. Bh6 Rh8 18.
Bg5 f6 19. b4 fxg5 20. hxg5 Bh3 21. Nd5 Bxg2 22. Rxg2 e6 23. Nf6 Qc6 24. bxc5 Qxc5+ 25. Kh1 Rh3 26. Rf1 Re3 27. Ne4 Qb5 28. Nxd6+ 1-0

[Event "*** Titled Tuesday 3|2 Blitz (Late)"]
[Site "Chess.com"]
[Date "2016.11.01"]
[Round "2"]
[White "enfanterrible"]
[Black "Shivagami"]
[Result "1-0"]
[WhiteElo "2134"]
[BlackElo "2063"]
[TimeControl "180+2"]
[EndTime "17:19:22 PDT"]
[Termination "enfanterrible won by resignation"]

1. d3 d5 2. Nd2 g6 3. e4 Bg7 4. Ngf3 c5 5. c3 Nc6 6. Be2 d4 7. c4 Nf6 8. O-O O-O 9. Ne1 e5 10. a3 Ne8 11. g3 Bh3 12. Ng2 f5 13. exf5 gxf5 14. Bf3 Nd6 15. Re1 Qf6 16. Qa4 Rac8 17. Bxc6 Rxc6 18. f4 Bxg2 19. Kxg2 exf4 20. Nf3 fxg3 21.
hxg3 Qg6 22. Bf4 Qg4 23. Rh1 Nc8 24. Rh4 Qg6 25. Rah1 Nb6 26. Qc2 h6 27. Qd2 Rff6 28. Ne5 Rfe6 29. Nxg6 1-0

[Event "*** Titled Tuesday 3|2 Blitz (Late)"]
[Site "Chess.com"]
[Date "2016.11.01"]
[Round "2"]
[White "AlexanderL"]
[Black "Zaven_ChessMood"]
[Result "0-1"]
[WhiteElo "2544"]
[BlackElo "2792"]
[TimeControl "180+2"]
[EndTime "17:20:11 PDT"]
[Termination "Zaven_ChessMood won by resignation"]

1. d4 Nf6 2. c4 c5 3. d5 b5 4. cxb5 a6 5. bxa6 g6 6. Nc3 Bg7 7. e4 O-O 8. Bd3 Qa5 9. Ne2 d6 10. O-O Bxa6 11. Bxa6 Qxa6 12. Ng3 Nbd7 13. f4 Rfb8 14.
Rf2 h5 15. h3 h4 16. Nf1 Rb4 17. Qf3 Nh5 18. Qg4 Ndf6 19. Qf3 Nd7 20. a3 Bd4 21. Be3 Qb6 22. axb4 Rxa1 23. bxc5 Qxc5 24. Bxd4 Qxd4 25. Kh2 Nc5 26. Rd2 Qf6 27. Rf2 Qd4 28.
Rd2 Qc4 29. Ne3 Ng3 30. Rd1 Rxd1 31. Qxd1 Qb4 32. Qg4 Qxb2 33. Qxh4 Qxc3 34. Qxg3 Nxe4 35. Qf3 Nd2 36. Qg3 Qxe3 0-1

[Event "*** Titled Tuesday 3|2 Blitz (Late)"]
[Site "Chess.com"]
[Date "2016.11.01"]
[Round "2"]
[White "oskariot"]
[Black "jk13"]
[Result "0-1"]
[WhiteElo "2375"]
[BlackElo "2509"]
[TimeControl "180+2"]
[EndTime "17:20:12 PDT"]
[Termination "jk13 won by resignation"]

1. e4 e5 2. Nf3 Nc6 3. Bb5 Nf6 4. d3 Bc5 5. Bxc6 dxc6 6. O-O Qd6 7. Nbd2 Be6 8. b3 h6 9. Bb2 Nd7 10. Qe2 a5 11. Rad1 a4 12. Nc4 Bxc4 13. dxc4 Qe7 14. Rxd7 Qxd7 15. Nxe5 Qe6 16. Nd3 Bf8 17. f4 axb3 18. axb3 f5 19. Qh5+ g6 20. Qh3 Rh7 21. exf5 Qxf5 22. Re1+ Re7 23. Rxe7+ Kxe7 24. Qe3+ Qe6 25.
Qd4 Rd8 26. Qh8 Rxd3 27. Qh7+ Ke8 0-1

[Event "*** Titled Tuesday 3|2 Blitz (Late)"]
[Site "Chess.com"]
[Date "2016.11.01"]
[Round "2"]
[White "Iball95"]
[Black "calemcc"]
[Result "1-0"]
[WhiteElo "2479"]
[BlackElo "2208"]
[TimeControl "180+2"]
[EndTime "17:20:16 PDT"]
[Termination "Iball95 won by checkmate"]

1. e4 e6 2. d4 d5 3. Nd2 Nc6 4. Ngf3 Nf6 5. e5 Nd7 6. Be2 Be7 7. Nf1 O-O 8. Ne3 f6 9. exf6 Nxf6 10. O-O Bd6 11. c4 b6 12. Qb3 Ne7 13. Bd2 Bb7 14.
c5 Bf4 15. Rac1 Ne4 16. Qc2 bxc5 17. dxc5 c6 18. Rcd1 Qc7 19. Bd3 Nxd2 20. Bxh7+ Kh8 21. Rxd2 Nf5 22. Bxf5 exf5 23. Rd4 Rae8 24. Nxf5 Kg8 25. g3 Bc8 26. Rxf4 Qxf4 27. gxf4 Bxf5 28. Qd2 Re4 29. Re1 Rc4 30. Nd4 Be4 31. f3 Bg6 32. b4 Bh5 33.
a3 Rf6 34. f5 g6 35. Qh6 Rxd4 36. Re8+ Kf7 37. Qf8# 1-0

[Event "*** Titled Tuesday 3|2 Blitz (Late)"]
[Site "Chess.com"]
[Date "2016.11.01"]
[Round "2"]
[White "brightthunder"]
[Black "howitzer14"]
[Result "0-1"]
[WhiteElo "2555"]
[BlackElo "2769"]
[TimeControl "180+2"]
[EndTime "17:20:34 PDT"]
[Termination "howitzer14 won by resignation"]

1. e4 e5 2. Nf3 Nc6 3. Bb5 Nge7 4. Nc3 g6 5. d4 exd4 6. Nxd4 Bg7 7. Be3 O-O 8. O-O d5 9. Bxc6 bxc6 10. Nb3 dxe4 11. Bc5 Qxd1 12. Raxd1 Re8 13. Nxe4 Nd5 14. Rfe1 Bf5 15. f3 Bxb2 16. Bd4 Ba3 17. Nbc5 Bxe4 18. Nxe4 f5 19. Nf6+ Nxf6 20. Bxf6 Kf7 21. Be5 Bd6 22. Bd4 Rxe1+ 23. Rxe1 a6 24. Rb1 Ke6 25. Kf2 Kd5 26.
Be3 Kc4 27. Rb3 a5 28. h3 a4 29. Rd3 c5 30. Bd2 Be5 31. Rd7 Rb8 32. Rxh7 Rb2 33. Ke2 Rxc2 34. Kd1 Rxa2 0-1

[Event "*** Titled Tuesday 3|2 Blitz (Late)"]
[Site "Chess.com"]
[Date "2016.11.01"]
[Round "2"]
[White "BCNUM8"]
[Black "Wilsonpalencia"]
[Result "0-1"]
[WhiteElo "2143"]
[BlackElo "2257"]
[TimeControl "180+2"]
[EndTime "17:20:37 PDT"]
[Termination "Wilsonpalencia won on time"]

1. d4 d5 2. Bg5 c5 3. dxc5 Nc6 4.
e4 d4 5. c3 Nf6 6. e5 Ne4 7. Bf4 g5 8. Bc1 Nxc5 9. Nf3 Bg4 10. Bb5 dxc3 11. Qxd8+ Rxd8 12. Nxc3 a6 13. Bxc6+ bxc6 14. O-O Bxf3 15. gxf3 Rg8 16. Be3 Nd3 17. e6 fxe6 18. Ne4 g4 19. f4 e5 20. f5 Nxb2 21.
Rac1 Nd3 22. Rxc6 Nf4 23. Rxa6 Ne2+ 24. Kh1 Nd4 25. Ng5 Nxf5 26. Ne6 Rg6 27. Rb1 Nxe3 28.
fxe3 Bh6 29. Rb3 Rd2 30. Rb8+ Kf7 31. Nd8+ Rxd8 0-1

[Event "*** Titled Tuesday 3|2 Blitz (Late)"]
[Site "Chess.com"]
[Date "2016.11.01"]
[Round "2"]
[White "Boryboy"]
[Black "stalyansky"]
[Result "1-0"]
[WhiteElo "2434"]
[BlackElo "2201"]
[TimeControl "180+2"]
[EndTime "17:20:38 PDT"]
[Termination "Boryboy won by resignation"]

1. d4 d5 2. Nf3 Nf6 3. g3 Bf5 4.
Bg2 h6 5. O-O e6 6. c4 c6 7. Nc3 Be7 8. Nd2 O-O 9. e4 dxe4 10.
Ndxe4 Nbd7 11. h3 Nxe4 12. Nxe4 Nf6 13. Nc3 Qb6 14. Qb3 Qxb3 15. axb3 Rfd8 16. Be3 Bb4 17.
Rfc1 Bxc3 18. bxc3 Ne4 19. b4 a6 20. Ra5 Nd6 21.
Bf1 Rd7 22. Rca1 Rad8 23. f3 Bg6 24. g4 Bc2 25. R5a3 f6 26. Kf2 e5 27. Kg3 Re8 28.
d5 Red8 29. c5 Nb5 30. Bxb5 cxb5 31. d6 Kf7 32. Re1 g5 33. Ra2 Bd3 34. Rh2 Bc4 35. h4 Kg6 36. hxg5 hxg5 37. Reh1 Rg7 38. Rh6+ Kf7 39.
Rh8 Rgg8 40. R1h7+ Ke6 41. Rxg8 Rxg8 42. Rxb7 Rh8 43.
Re7+ Kd5 44. d7 Rd8 45. Rf7 Ke6 46. c6 Kd6 47. Rxf6+ Kc7 48. Bc5 Bd5 49. Be7 Rxd7 50. cxd7 1-0

[Event "*** Titled Tuesday 3|2 Blitz (Late)"]
[Site "Chess.com"]
[Date "2016.11.01"]
[Round "2"]
[White "hardingstoptry"]
[Black "Rating-Schmating"]
[Result "1-0"]
[WhiteElo "2580"]
[BlackElo "2233"]
[TimeControl "180+2"]
[EndTime "17:20:42 PDT"]
[Termination "hardingstoptry won by resignation"]

1. Nf3 Nf6 2. g3 b6 3. Bg2 Bb7 4. O-O c5 5. c4 e6 6. Nc3 a6 7. d4 cxd4 8. Nxd4 Bxg2 9. Kxg2 Qc7 10. Bg5 Be7 11. Rc1 d6 12. e4 Nbd7 13. f3 h6 14. Be3 Qb7 15. b3 O-O 16. Kg1 Rad8 17. Re1 Rfe8 18.
a4 Bf8 19. Bf2 d5 20. e5 Nh7 21. f4 dxc4 22. bxc4 Nc5 23. Qc2 f5 24. a5 bxa5 25. Rb1 Qc7 26. Red1 Rc8 27. h3 Be7 28. g4 g6 29. gxf5 gxf5 30. Kh2 Kh8 31. Rg1 Rg8 32. Nxe6 Nxe6 33. Nd5 Qxc4 34. Rxg8+ Kxg8 35. Nxe7+ Kh8 36. Qxf5 Re8 37. Ng6+ Kg8 38. Rb7 Nc7 39. Bb6 Qe2+ 40. Kg3 Qd3+ 41. Qxd3 1-0

[Event "*** Titled Tuesday 3|2 Blitz (Late)"]
[Site "Chess.com"]
[Date "2016.11.01"]
[Round "2"]
[White "swayamsm"]
[Black "micfel"]
[Result "1-0"]
[WhiteElo "2660"]
[BlackElo "2272"]
[TimeControl "180+2"]
[EndTime "17:21:00 PDT"]
[Termination "swayamsm won by resignation"]

1. d4 d5 2. c4 c6 3. Nc3 Nf6 4. Nf3 e6 5. Bg5 Be7 6. e3 O-O 7. Rc1 Nbd7 8. Bd3 b6 9. O-O Bb7 10. e4 dxc4 11. Bxc4 c5 12. d5 exd5 13. exd5 Qb8 14.
Re1 Bd6 15. h3 a6 16. a4 Re8 17. Qd3 h6 18. Bh4 Bf4 19. Rxe8+ Qxe8 20. Re1 Qf8 21.
Ne4 Nxe4 22. Qxe4 Bd6 23. Bd3 g6 24. Bc4 Kg7 25. Qe3 Qb8 26. Be7 Qc7 27. Bxd6 Qxd6 28.
Qe7 Qxe7 29. Rxe7 Rd8 30. d6 Bxf3 31. gxf3 b5 32. Bxf7 Ne5 33. Bxg6+ Kxg6 34. Rxe5 Rxd6 35. axb5 axb5 36. Rxc5 Rb6 37. b4 h5 38. h4 Kh6 39.
Rg5 Rb8 40. Kg2 Rb7 41. Kg3 Rb8 42. f4 Rb7 43. f5 Rb8 44. f6 Rf8 45. Rf5 Kg6 46.
Kf4 Rf7 47. Rg5+ Kxf6 48. Rf5+ 1-0

[Event "*** Titled Tuesday 3|2 Blitz (Late)"]
[Site "Chess.com"]
[Date "2016.11.01"]
[Round "2"]
[White "TheSovietChess"]
[Black "BillieKimbah"]
[Result "1-0"]
[WhiteElo "2522"]
[BlackElo "2620"]
[TimeControl "180+2"]
[EndTime "17:21:01 PDT"]
[Termination "TheSovietChess won by resignation"]

1. d4 Nf6 2. c4 e6 3. Nc3 Bb4 4.
Qc2 d5 5. e3 O-O 6. Nf3 b6 7.
cxd5 exd5 8. Bd2 a6 9. Bd3 Bb7 10. O-O Bd6 11. Rac1 Nbd7 12. Rfe1 Re8 13. e4 dxe4 14.
Nxe4 Nxe4 15. Bxe4 Bxe4 16. Rxe4 Nf6 17. Ree1 h6 18. Qc6 Qd7 19. Qxd7 Nxd7 20. Nh4 Nf6 21. Nf5 Rxe1+ 22. Rxe1 Rd8 23. g3 Nd5 24. Kg2 h5 25.
a3 Bf8 26. Ne3 Nf6 27. Nf5 g6 28. Bg5 Re8 29. Re3 Rxe3 30. Nxe3 Ne4 31. Bd8 Bd6 32.
Nd5 c5 33. f3 Nd2 34. Bxb6 cxd4 35. Bxd4 Nc4 36. Bf6 Kf8 37. Bc3 Ke8 38. f4 Kd7 39.
Kf3 Ke6 40. Ke4 Bb8 41. Nb4 Nd6+ 42. Kf3 Nb5 43. Nxa6 Bd6 44. Bg7 Kd5 45. Nb4+ Kc4 46. Nc6 Kd5 47. Nd8 f5 48. a4 Nc7 49. Bc3 Be7 50. Nf7 Ke6 51. Ng5+ Kd7 52. Nf7 Ke6 53.
Ne5 g5 54. fxg5 Bxg5 55. b4 h4 56. Nc6 hxg3 57. hxg3 f4 58. Be5 Nd5 59. gxf4 Bh4 60. b5 Kd7 61. a5 Be1 62. a6 1-0

[Event "*** Titled Tuesday 3|2 Blitz (Late)"]
[Site "Chess.com"]
[Date "2016.11.01"]
[Round "2"]
[White "DanielNaroditsky"]
[Black "RobertoJBM"]
[Result "1-0"]
[WhiteElo "2735"]
[BlackElo "2539"]
[TimeControl "180+2"]
[EndTime "17:21:08 PDT"]
[Termination "DanielNaroditsky won by resignation"]

1. d4 d5 2. Bf4 Nf6 3. e3 c5 4.
dxc5 Qa5+ 5. Nc3 Qxc5 6. Bxb8 Rxb8 7. Bb5+ Bd7 8. Bxd7+ Kxd7 9. Nf3 e6 10. e4 Rd8 11.
O-O Kc8 12. Qe2 dxe4 13. Nxe4 Nxe4 14. Qxe4 Bd6 15. a4 Bc7 16. Ra3 Qd5 17. Qe2 Kb8 18. Rb3 Rhe8 19. Rb5 Qc6 20. Ne5 Qd6 21. Qf3 Qa6 22.
Nc6+ Kc8 23. Nxd8 Rxd8 24. Qxf7 Qxa4 25. Qxe6+ Kb8 26. Qb3 Qa6 27. g3 Qc6 28. Re1 Bb6 29. Rbe5 Qf6 30. R5e2 Rf8 31. Rf1 h5 32. Qe6 Qf3 33.
Qe4 Qf7 34. Qe5+ Ka8 35. Qe6 Qf3 36. Qe8+ Bd8 37. Qe4 Qf7 38. Rd1 Bb6 39. Kg2 a6 40. Rd6 Ka7 41. Re6 Qf5 42. Qxf5 Rxf5 43. R6e5 1-0

[Event "*** Titled Tuesday 3|2 Blitz (Late)"]
[Site "Chess.com"]
[Date "2016.11.01"]
[Round "2"]
[White "cheese111"]
[Black "attack2mateU"]
[Result "0-1"]
[WhiteElo "2246"]
[BlackElo "2446"]
[TimeControl "180+2"]
[EndTime "17:21:10 PDT"]
[Termination "attack2mateU won on time"]

1. e4 c5 2. Nf3 d6 3. Bb5+ Nd7 4.
O-O a6 5. Bd3 Ngf6 6. Re1 b5 7. c4 g5 8. Nxg5 Ne5 9. Bf1 bxc4 10. d4 cxd3 11. f4 Ng6 12. Bxd3 Bh6 13. Qf3 Bxg5 14.
fxg5 Ng4 15. e5 N4xe5 16. Qxa8 Nxd3 17. Rd1 Nxc1 18. Rxc1 O-O 19. Nc3 Qb6 20. Qe4 Bb7 21. Qe2 Nf4 22. Qf2 Qc6 23. Qf3 Qxf3 24. gxf3 Bxf3 25. Kf2 Bb7 26. Kg3 e5 27. Re1 f6 0-1

[Event "*** Titled Tuesday 3|2 Blitz (Late)"]
[Site "Chess.com"]
[Date "2016.11.01"]
[Round "2"]
[White "Kanthecarowin"]
[Black "SwiftyMcBishop"]
[Result "0-1"]
[WhiteElo "2128"]
[BlackElo "2088"]
[TimeControl "180+2"]
[EndTime "17:21:13 PDT"]
[Termination "SwiftyMcBishop won by resignation"]

1. d4 d5 2. c4 dxc4 3. Nf3 Nf6 4.
e3 e6 5. Bxc4 a6 6. a4 c5 7. Nc3 Nbd7 8. O-O Be7 9. Qe2 O-O 10.
b3 Nb6 11. Rd1 cxd4 12. exd4 Nbd5 13. Nxd5 Nxd5 14. Bb2 b6 15. Ne5 Bb7 16. g3 Bf6 17. Rac1 Qd6 18. f4 Rfd8 19. Re1 Bxe5 20. dxe5 Qc5+ 21.
Qf2 Qxf2+ 22. Kxf2 Nb4 23. Red1 Bd5 24. Bd4 b5 25. axb5 axb5 26. Bc5 Na2 27. Rc2 bxc4 28. bxc4 Bxc4 29. Rxd8+ Rxd8 30. Rxc4 Rc8 31. Ra4 Nc3 32.
Rc4 Rxc5 33. Rd4 Rd5 34. Rc4 Rc5 35. Rd4 Nd5 36. Rd2 h6 37. Ra2 Kh7 38. Rd2 Rc4 39. Ra2 Kg6 40. Rd2 Rc3 41. Ra2 Nb4 42. Rd2 Rc2 43. Rxc2 Nxc2 44. Kf3 Nb4 45. h3 Nd5 46. g4 h5 47. h4 hxg4+ 48. Kxg4 Ne3+ 49. Kf3 Nf5 50. Kg4 Nh6+ 51. Kf3 Kf5 52. h5 Ng8 53.
Kg3 Ne7 54. Kf3 Nd5 55. Kg3 Nxf4 56. Kh4 Kxe5 57. Kg5 Nxh5 58. Kxh5 Kf5 59. Kh4 Kf4 0-1

[Event "*** Titled Tuesday 3|2 Blitz (Late)"]
[Site "Chess.com"]
[Date "2016.11.01"]
[Round "2"]
[White "Evgeny_Levin"]
[Black "GMKrikor"]
[Result "1-0"]
[WhiteElo "2712"]
[BlackElo "2537"]
[TimeControl "180+2"]
[EndTime "17:21:21 PDT"]
[Termination "Evgeny_Levin won by resignation"]

1. d4 Nf6 2. c4 e6 3. Nf3 d5 4.
Nc3 Bb4 5. Bg5 h6 6. Bxf6 Qxf6 7. Qb3 c5 8. e3 cxd4 9. Nxd4 Nc6 10.
cxd5 exd5 11. Bb5 Bd7 12. Qxd5 Rd8 13. Qe4+ Kf8 14. Rd1 Nxd4 15. Qxd4 Qxd4 16. Rxd4 Bxc3+ 17. bxc3 Ke7 18. Bxd7 Rxd7 19. Kd2 Rc7 20. Rb1 Rhc8 21. Rb3 b6 22. Kd3 Rc5 23. Ra3 R8c7 24. h4 h5 25. Rb3 g6 26. a4 Rc8 27. c4 Ra5 28. Rb4 Rcc5 29. Kc3 Rf5 30. f3 Rfe5 31. e4 f5 32. Rb5 fxe4 33. Rxe5+ Rxe5 34. Rxe4 Rxe4 35. fxe4 Kd6 36. Kd4 Ke6 37. e5 1-0

[Event "*** Titled Tuesday 3|2 Blitz (Late)"]
[Site "Chess.com"]
[Date "2016.11.01"]
[Round "2"]
[White "yurisolo"]
[Black "Zlatan56"]
[Result "1-0"]
[WhiteElo "2535"]
[BlackElo "2643"]
[TimeControl "180+2"]
[EndTime "17:21:22 PDT"]
[Termination "yurisolo won by resignation"]

1. e4 e5 2. Nf3 Nc6 3. Bb5 Nf6 4. O-O Nxe4 5. d4 Nd6 6. Bg5 Be7 7. Bxe7 Qxe7 8. Bxc6 dxc6 9. dxe5 Ne4 10. Qe2 Bf5 11. Nd4 Bg6 12. f3 Nc5 13. Nc3 O-O-O 14. Rad1 Rhe8 15.
f4 Ne6 16. Nxe6 fxe6 17. a3 Qc5+ 18. Qf2 Qxf2+ 19. Rxf2 h5 20. Rfd2 c5 21. Kf2 Bf5 22. Ke3 b6 23. Rxd8+ Rxd8 24. Rxd8+ Kxd8 25. Ne4 Kd7 26.
g3 Kc6 27. c4 a6 28. Nf2 b5 29. h3 bxc4 30. g4 hxg4 31. hxg4 Bg6 32. Ne4 Kd5 33. Nc3+ Kc6 34. Kf3 Bc2 35. Kg3 Kd7 36.
Kh4 Ke7 37. Kg5 Kf7 38. f5 a5 39. Nb5 exf5 40. gxf5 Ke7 41. Nxc7 Kd7 42. Na6 Kc6 43.
f6 gxf6+ 44. exf6 Kd6 45. Nxc5 Bb1 46. Nb7+ Kc6 47. f7 1-0

[Event "*** Titled Tuesday 3|2 Blitz (Late)"]
[Site "Chess.com"]
[Date "2016.11.01"]
[Round "2"]
[White "FearlessKing64"]
[Black "g2_g3"]
[Result "0-1"]
[WhiteElo "2163"]
[BlackElo "1848"]
[TimeControl "180+2"]
[EndTime "17:21:23 PDT"]
[Termination "g2_g3 won on time"]

1. e4 e5 2. Nf3 Nc6 3. Bc4 Bc5 4.
b4 Bxb4 5. c3 Ba5 6. d4 exd4 7.
O-O d6 8. cxd4 Nf6 9. d5 Ne7 10.
Bb2 Bb6 11. e5 dxe5 12. Nxe5 Nexd5 13. Ba3 Be6 14. Re1 c6 15. Qf3 Bd4 16. Nd2 Bxa1 17. Rxa1 Qa5 18. Rb1 Qxd2 19. Rxb7 Qe1+ 20. Bf1 Qxe5 21. h3 Nd7 22. Qb3 N5b6 23. Qb4 c5 24. Qb5 O-O 25. Bb2 Qd6 26. Qe2 Bd5 27. Qg4 Qg6 0-1

[Event "*** Titled Tuesday 3|2 Blitz (Late)"]
[Site "Chess.com"]
[Date "2016.11.01"]
[Round "2"]
[White "platy3"]
[Black "Gabrielian_Artur"]
[Result "1-0"]
[WhiteElo "2679"]
[BlackElo "2562"]
[TimeControl "180+2"]
[EndTime "17:21:40 PDT"]
[Termination "platy3 won by resignation"]

1. e4 c5 2. Nf3 d6 3. d4 cxd4 4.
Nxd4 Nf6 5. Nc3 a6 6. h3 e6 7.
g4 Be7 8. g5 Nfd7 9. Be3 b5 10.
a3 Bb7 11. h4 Qc7 12. Qd2 Nc6 13. O-O-O b4 14. axb4 Nxb4 15. h5 Ne5 16. f4 Nc4 17. Bxc4 Qxc4 18. g6 Na2+ 19. Nxa2 Qxa2 20. Qd3 hxg6 21.
Nb3 Rxh5 22. f5 Rc8 23. fxe6 fxe6 24. Rdg1 Bf6 25. e5 Bxe5 26. Qxg6+ Kf8 27. Rf1+ Rf5 28.
Rxf5+ exf5 29. Rh8+ Ke7 30. Bg5+ Kd7 31. Qf7+ Kc6 32.
Rxc8+ Bxc8 33. Nd4+ Bxd4 34. Qxa2 Bc5 35. Qf7 Bd7 36.
Qxg7 Be6 37. Bf4 Bd5 38. Qf8 1-0

[Event "*** Titled Tuesday 3|2 Blitz (Late)"]
[Site "Chess.com"]
[Date "2016.11.01"]
[Round "2"]
[White "pastouche06"]
[Black "Kubas1010"]
[Result "1-0"]
[WhiteElo "2296"]
[BlackElo "2421"]
[TimeControl "180+2"]
[EndTime "17:21:40 PDT"]
[Termination "pastouche06 won by checkmate"]

1. d4 d5 2. c4 e6 3. Nc3 Be7 4. cxd5 exd5 5. Bf4 c6 6. e3 Bf5 7. g4 Be6 8. h3 Nd7 9. Bd3 g5 10. Bg3 h5 11. gxh5 Ngf6 12. Be2 Qa5 13. Bf3 Ne4 14. Bxe4 dxe4 15. Qc2 f5 16. Ne2 Rxh5 17. a3 Nf6 18. Be5 Nd5 19. O-O-O Rc8 20. Kb1 b5 21. Nxd5 Bxd5 22. Ng3 Rh7 23. Nxf5 b4 24. Nd6+ Bxd6 25. Bxd6 bxa3 26. Bxa3 Rb7 27. Ka1 Bb3 28. Qd2 Qa4 29.
d5 Bxd5 30. Qc3 Rb3 31. Qe5+ Kf7 32. Qe7+ Kg6 33. h4 Rxa3+ 34. bxa3 g4 35. h5+ Kf5 36. h6 Qb3 37. Rh5+ Kg6 38. Rg5+ Kxh6 39. Qg7# 1-0

[Event "*** Titled Tuesday 3|2 Blitz (Late)"]
[Site "Chess.com"]
[Date "2016.11.01"]
[Round "2"]
[White "uzbektiger95"]
[Black "Divertissement"]
[Result "1-0"]
[WhiteElo "2596"]
[BlackElo "2335"]
[TimeControl "180+2"]
[EndTime "17:21:42 PDT"]
[Termination "uzbektiger95 won on time"]

1. c4 Nf6 2. Nc3 g6 3. g3 Bg7 4. Bg2 O-O 5. d4 d6 6. Nf3 Nc6 7.
O-O Bf5 8. Ne1 e5 9. d5 Ne7 10.
e4 Bd7 11. Nd3 c5 12. f4 exf4 13. gxf4 Ne8 14. Be3 a6 15. a4 Rb8 16. a5 b5 17.
axb6 Rxb6 18. Qd2 Nf6 19. Kh1 Ng4 20. Bg1 f5 21. e5 dxe5 22. fxe5 Nxe5 23. Nxe5 Bxe5 24.
Bxc5 Rb8 25. Rae1 Bf6 26. b4 Kg7 27. d6 Nc6 28. Nd5 Bg5 29. Qc3+ Bf6 30. Qd3 Ne5 31. Qg3 Ng4 32. h3 Bh4 33. Qc3+ Bf6 34. Qd2 Bg5 35.
Bd4+ Kh6 36. Qc3 Nf6 37. Ne7 f4 38. c5 Bb5 39. Rg1 Qd7 40. Be5 f3 41. Qxf3 Nh5 42.
Qg4 Bf4 43. Bxf4+ Rxf4 44. Qxd7 Bxd7 45. c6 Bxh3 46. Bxh3 Rh4 47. Re3 Nf4 48. Rgg3 Rxb4 49. c7 Rb1+ 50. Kh2 Rb2+ 51. Kg1 Rb1+ 52. Bf1 1-0

[Event "*** Titled Tuesday 3|2 Blitz (Late)"]
[Site "Chess.com"]
[Date "2016.11.01"]
[Round "2"]
[White "GianmarcoVaR"]
[Black "ZEN-22"]
[Result "1-0"]
[WhiteElo "2416"]
[BlackElo "2198"]
[TimeControl "180+2"]
[EndTime "17:21:42 PDT"]
[Termination "GianmarcoVaR won by checkmate"]

1. d3 Nf6 2. g3 g6 3. Bg2 Bg7 4.
Nf3 d6 5. O-O e5 6. c4 e4 7. Nd4 exd3 8. Qxd3 O-O 9. Nc3 Nbd7 10. b3 Re8 11. Bb2 Nc5 12. Qc2 Qe7 13. Rad1 c6 14.
Rfe1 Nce4 15. Nxe4 Nxe4 16. f3 Nc5 17. e4 a5 18. Re2 h5 19. Red2 h4 20. Ne2 hxg3 21.
hxg3 Be5 22. Nf4 Ne6 23. Nxe6 Bxe6 24. Bxe5 dxe5 25. c5 a4 26. b4 a3 27. Qc3 Qg5 28. Kf2 Rad8 29. Qe3 Qxe3+ 30. Kxe3 Rxd2 31.
Rxd2 Ra8 32. Bf1 Kf8 33. b5 cxb5 34. Bxb5 Ra5 35. Bd7 Bc4 36. c6 bxc6 37. Bxc6 Rc5 38. Ba4 Be6 39. Rd3 Ra5 40. Bb3 Bh3 41. Bd5 Bf1 42.
Rc3 Bb5 43. Rc5 Bd7 44. Rxa5 f5 45. Rxa3 g5 46. Ra8+ Ke7 47. Ra7 f4+ 48. gxf4 exf4+ 49. Kd4 Kd6 50. e5+ Ke7 51. e6 Kf6 52. Rxd7 g4 53.
Rf7+ Kg6 54. e7 g3 55. e8=Q g2 56. Qg8+ Kh6 57. Rh7# 1-0

[Event "*** Titled Tuesday 3|2 Blitz (Late)"]
[Site "Chess.com"]
[Date "2016.11.01"]
[Round "2"]
[White "PaulfromSPb"]
[Black "superjem123"]
[Result "0-1"]
[WhiteElo "2455"]
[BlackElo "2500"]
[TimeControl "180+2"]
[EndTime "17:21:45 PDT"]
[Termination "superjem123 won by resignation"]

1. e4 e5 2. Nf3 Nc6 3. Bb5 Nf6 4.
O-O Nxe4 5. d4 Nd6 6. Bxc6 dxc6 7. dxe5 Nf5 8. Qxd8+ Kxd8 9. Rd1+ Ke8 10. b3 h6 11. Bb2 Be7 12. h3 Be6 13. Nc3 Rd8 14. Rxd8+ Kxd8 15. Rd1+ Kc8 16. g4 Nh4 17. Nxh4 Bxh4 18.
Ne4 Be7 19. f4 h5 20. Nf2 hxg4 21. hxg4 Bc5 22. Bd4 Be7 23. c4 g6 24. Kg2 a5 25. Kf3 a4 26. Be3 b6 27. Ke4 c5 28.
Kf3 Bd7 29. Ke2 Rh2 30. Rg1 axb3 31. axb3 Bh4 32. Rf1 Bxg4+ 33. Kd3 Bf5+ 34. Kc3 Bg3 35. Kd2 Kb7 36. Kc3 Kc6 37. Kd2 Rh8 38. Kc3 Ra8 39. Rg1 Bxf2 40. Bxf2 Ra2 41. b4 Rxf2 42. b5+ Kb7 43. Rd1 Rxf4 44. Re1 Be6 45. Kd2 Rxc4 46.
Rf1 Rb4 47. Rf6 Rxb5 48. Ke3 c4 49. Kf4 c3 50. Kg5 c2 51. Rf1 Rb1 52. Kh6 Rxf1 0-1

[Event "*** Titled Tuesday 3|2 Blitz (Late)"]
[Site "Chess.com"]
[Date "2016.11.01"]
[Round "2"]
[White "BGoldChess"]
[Black "keisyzrk"]
[Result "0-1"]
[WhiteElo "2224"]
[BlackElo "2213"]
[TimeControl "180+2"]
[EndTime "17:21:54 PDT"]
[Termination "keisyzrk won by resignation"]

1. e4 c6 2. d4 d5 3. f3 dxe4 4. fxe4 e5 5. Nf3 Bg4 6. Bc4 Nd7 7. O-O Ngf6 8. Bg5 Bd6 9. h3 Bxf3 10. Qxf3 Qb6 11. Nd2 exd4 12. Bxf6 gxf6 13. Qh5 O-O-O 14. Bxf7 d3+ 15. Kh1 dxc2 16. Nc4 Qc5 17. Nxd6+ Qxd6 18. Rac1 Qd3 19. Qf3 Qxf3 20. Rxf3 Kc7 21. Rxc2 Rhf8 22. Be6 Ne5 23. Rf1 Rd4 24. Bf5 b5 25. Bxh7 Kd6 26. Rcf2 Nd7 27. Bf5 Ne5 28. Rc1 c5 29. Rcf1 Nd3 30.
Rd2 c4 31. e5+ fxe5 32. Bxd3 Rxf1+ 33. Bxf1 Rxd2 0-1